 Dungeon Crawl Stone Soup version 0.29.1-15-g9cfb28693d (webtiles) character file.

Game seed: 1475128233913588208

25 Calibrex the Shield-Bearer (level 2, -4/29 HPs)
             Began as a Troll Fighter on Mar 28, 2023.
             Killed by nerve-wracking pain
             ... invoked by Jessica
              (8 damage)
             ... on level 2 of the Dungeon.
             The game lasted 00:03:33 (992 turns).

Calibrex the Shield-Bearer (Troll Fighter)           Turns: 992, Time: 00:03:34

Health: -4/29      AC:  4    Str: 23    XL:     2   Next: 86%
Magic:  1/1        EV:  8    Int:  4    God:
Gold:   91         SH:  7    Dex:  9    Spells: 1/1 levels left

rFire   . . .      SeeInvis .     - Unarmed
rCold   . . .      Faith    .   b - +0 kite shield
rNeg    . . .      Spirit   .   a - +0 robe
rPois   .          Reflect  .   (helmet restricted)
rElec   .          Harm     .   (no cloak)
rCorr   .          Rampage  .   (gloves unavailable)
Will    .....                   (boots unavailable)
Stlth   +.........              (no amulet)
HPRegen 0.89/turn               (no ring)
MPRegen 0.07/turn               (no ring)

@: lethally poisoned (-4 -> -4), slowed, very slow
A: large, unfitting armour, claws 3, regeneration 1, shaggy fur 1, tough skin 1
a: no special abilities


You were on level 2 of the Dungeon.
You visited 1 branch of the dungeon, and saw 2 of its levels.

You collected 91 gold pieces.

Inventory:

Missiles
 i - 4 poisoned darts (quivered)
Armour
 a - a +0 robe (worn)
 b - a +0 kite shield (worn)
Scrolls
 e - 3 scrolls of teleportation {unknown}
Potions
 c - a potion of might
 d - a potion of attraction {unknown}
 f - a potion of invisibility {unknown}
 g - a potion of brilliance {unknown}
 h - a potion of flight {unknown}
 j - a potion of curing {unknown}


   Skills:
 + Level 2.6 Fighting
 - Level 2.4 Dodging
 + Level 3.0 Shields
 * Level 2.8 Unarmed Combat


You had one spell level left.
You didn't know any spells.
Your spell library contained the following spells:

 Spells                   Type           Power      Damage    Failure   Level
 Poisonous Vapours        Pois/Air       0%         N/A       90%         2
 Corpse Rot               Necr/Pois/Air  0%         N/A       100%        4


Dungeon Overview and Level Annotations

Branches:
Dungeon (2/15)

Altars:

Annotations:
D:2 Jessica


Innate Abilities, Weirdness & Mutations

You are too large for most types of armour.
You have claws for hands.
Your natural rate of healing is unusually fast.
You are covered in fur. (AC +1)
You have tough skin. (AC +1)


Message History

Jessica shouts!
The ball python barely misses you.
An adder comes into view.
You claw the ball python!
You kill the ball python!
Jessica hits you but does no damage.
You are poisoned.
You scratch Jessica.
Jessica is heavily wounded.
You feel very sick.
A rat comes into view.
You block Jessica's attack.
You scratch Jessica.
Jessica is almost dead.
You feel sick.
Jessica hits you with a +4 dagger of venom!
You are more poisoned.
You scratch Jessica but do no damage.
Jessica is almost dead.
You feel very sick. Jessica barely misses you.
You closely miss Jessica.
Jessica is almost dead.
You feel sick. Jessica gestures at you while chanting.
You feel yourself slow down. The adder bites you.
You are too injured to fight recklessly!
You are too injured to fight recklessly!
You are too injured to fight recklessly!
You completely miss Jessica.
Jessica is almost dead.
You feel very sick. The adder bites you. You block Jessica's attack.
The adder bites you.
* * * LOW HITPOINT WARNING * * *
You closely miss Jessica.
Jessica is almost dead.
You feel sick. Jessica casts a spell at you. Pain shoots through your body!
You die...

#.###...........##
..###.##..##.####
.........###.#####
.#.....### #.....##
......######..##..#
####.........## .#
.........###.####.#
#.##.(##..........##
.# ......##.###@S.#
. ##### ...# ##@..#
. ##... ...# #...
r..# (.##. ..... ###
. ...... .. .......
.......


You could see an adder, Jessica and a rat.

Vanquished Creatures
  3 ball pythons
  5 bats
  An endoplasm (D:1)
  3 giant cockroaches (D:1)
  2 goblins (D:1)
  A hobgoblin (D:1)
  2 quokkas
  2 frilled lizards (D:1)
  2 kobolds (D:1)
  2 rats (D:1)
23 creatures vanquished.

Notes
Turn   | Place    | Note
-------+----------+-------------------------------------------
     0 | D:1      | Calibrex the Troll Fighter began the quest for the Orb.
     0 | D:1      | Reached XP level 1. HP: 22/22 MP: 0/0
   199 | D:1      | Reached XP level 2. HP: 29/29 MP: 1/1
   230 | D:1      | Found a faded altar of an unknown god.
   925 | D:2      | Reached skill level 3 in Shields
   984 | D:2      | Noticed Jessica
   992 | D:2      | Killed from afar by Jessica

Illustrated notes

Levels and vault maps discovered:
D:1:      dpeg_arrival_boxes_within_box, layout_loops_corners,
          chequers_ecumenical_altar_simple, chequers_serial_rivers_small_a
D:2:      layout_rooms, uniq_jessica

Skill      XL: |  1  2 |
---------------+-------+-----
Shields        | 3 |  3.0
Fighting       | |  2.6
Dodging        | |  2.4
Unarmed Combat | |  2.8

Action                   || total
-------------------------++-------
Melee: Unarmed           ||    61
 Stab: Sleeping          ||     1
Armor: Robe              ||    29
Dodge: Dodged            ||    18
Block: Kite shield       ||    22
